 Dungeon Crawl Stone Soup version 0.22-a0-367-gb72a975 (webtiles) character file.

1794 b5mith the Basher (level 8, -8/118 HPs)
             Began as a Minotaur Berserker on Apr 22, 2018.
             Was an Elder of Trog.
             Mangled by a hornet (10 damage)
             ... while paralysed by a hornet
             ... on level 7 of the Dungeon.
             The game lasted 00:12:26 (5321 turns).

b5mith the Basher (Minotaur Berserker)              Turns: 5321, Time: 00:12:26

Health: -8/118     AC:  6    Str: 29    XL:     8   Next: 82%
Magic:  7/7        EV:  2    Int:  4    God:    Trog [****..]
Gold:   266        SH:  0    Dex: 10    Spells: 7/7 levels left

rFire    . . .     SeeInvis .   a - +0 flail
rCold    . . .     Gourm    .   (no shield)
rNeg     . . .     Faith    .   v - +0 ring mail (curse)
rPois    .         Spirit   .   (helmet restricted)
rElec    .         Reflect  .   o - +0 cloak
rCorr    .         Harm     .   (no gloves)
MR       .....                  (no boots)
Stlth    ..........             m - amulet of regeneration
HPRegen  0.69/turn              (no ring)
MPRegen  0.10/turn              (no ring)

@: paralysed, berserking, lethally poisoned (-8 -> -8), starving, slowed
A: retaliatory headbutt, horns 2
a: Berserk, Trog's Hand, Brothers in Arms, Renounce Religion


You were on level 7 of the Dungeon.
You worshipped Trog.
Trog was greatly pleased with you.
You were starving.

You visited 1 branch of the dungeon, and saw 7 of its levels.

You collected 266 gold pieces.

Inventory:

Hand Weapons
 a - a +0 flail (weapon)
   (You took it off an orc priest on level 5 of the Dungeon)
 b - a +0 hunting sling
   (You found it on level 3 of the Dungeon)
 z - a +0 mace
Missiles
 f - 6 javelins of penetration (quivered)
 C - 10 sling bullets
Armour
 o - a +0 cloak (worn)
   (You found it on level 1 of the Dungeon)
 r - a +0 animal skin
 v - a cursed +0 ring mail (worn)
   (You found it on level 4 of the Dungeon)
Jewellery
 m - an amulet of regeneration (around neck)
   (You found it on level 1 of the Dungeon)
Wands
 w - a wand of acid (10)
   (You found it on level 4 of the Dungeon)
 B - a wand of digging (6)
   (You took it off Ijyb on level 5 of the Dungeon)
Scrolls
 d - a scroll of remove curse {unknown}
 h - 2 scrolls of random uselessness {unknown}
 i - 4 scrolls of identify {@r1}
 l - 4 scrolls of amnesia {unknown}
 n - 2 scrolls of magic mapping {unknown}
 s - 3 scrolls of teleportation {unknown}
 t - a scroll of blinking {unknown}
 y - a scroll of enchant weapon {unknown}
 A - 2 scrolls of fog {unknown}
 E - a scroll of noise {unknown}
Potions
 e - 3 potions of lignification {unknown}
 g - a potion of flight {unknown}
 j - a potion of might {unknown}
 k - 2 potions of brilliance {unknown}
 p - 3 potions of heal wounds {unknown}
 q - 3 potions of haste {unknown}
 u - 6 potions of curing {unknown}
 x - 2 potions of invisibility {unknown}
Comestibles
 c - 10 rations


   Skills:
 + Level 10.2 Fighting
 + Level 10.3 Maces & Flails
 - Level 2.4 Armour
 - Level 2.1 Dodging


You had 7 spell levels left.
You didn't know any spells.

Dungeon Overview and Level Annotations

Branches:
Dungeon (7/15)
 Temple: D:4-7

Altars:
Dithmenos
Elyvilon
Okawaru
Qazlal
The Shining One

Shops:
D:5 =(*


Innate Abilities, Weirdness & Mutations

You reflexively headbutt those who attack you in melee.
You have a pair of horns on your head.


Message History

a - a +0 flail (weapon)
The hornet stings you!
You feel yourself slow down.
You hit the hornet but do no damage.
The hornet is lightly wounded.
The hornet misses you. You furiously retaliate!
You headbutt the hornet, but do no damage.
The hornet closely misses you.
You barely miss the hornet. You headbutt the hornet!
The hornet is moderately wounded.
The hornet stings you!
You feel as though you will be slow longer.
The hornet stings you but does no damage.
You hit the hornet.
The hornet is heavily wounded.
The hornet stings you!
You feel as though you will be slow longer.
The hornet completely misses you.
You hit the hornet but do no damage.
The hornet is heavily wounded.
The hornet stings you!
* * * LOW HITPOINT WARNING * * *
You feel as though you will be slow longer.
The hornet barely misses you.
You sock the hornet! Your headbutt misses the hornet.
The hornet is severely wounded.
The hornet stings you but does no damage.
The hornet stings you!
* * * LOW HITPOINT WARNING * * *
You are poisoned.
You feel as though you will be slow longer.
A red film seems to cover your vision as you go berserk!
You feel yourself moving faster!
You feel mighty!
You are starving!
You feel sick. The hornet barely misses you. The hornet closely misses you.
You furiously retaliate!
You headbutt the hornet. You barely miss the hornet.
You headbutt the hornet, but do no damage.
The hornet is almost dead.
The hornet stings you!
* * * LOW HITPOINT WARNING * * *
You suddenly lose the ability to move!
The hornet stings you!
* * * LOW HITPOINT WARNING * * *
You feel as though you will be slow longer.
You feel sick.
The hornet stings you but does no damage.
You feel sick. The hornet stings you!
* * * LOW HITPOINT WARNING * * *
You feel as though you will be slow longer.
The hornet stings you!
You die...

.⌠. .(. #.#
#.# #(# #.#
#y# #@# #.#
#.#
############.#
#......<.....#
#.############


You could see a hornet.

Vanquished Creatures
  The ghost of busb the Fighter, a novice GnWn of Okawaru (D:6)
  The ghost of Caerwyn the Skirmisher, a novice GnWn (D:5)
  An orc warrior (D:6)
  A phantom (D:4)
  2 ogres
  The ghost of Terra the Caller, an amateur DrSu (D:3)
  A scorpion (D:4)
  A howler monkey (D:5)
  A crimson imp (D:5)
  A bullfrog skeleton (D:5)
  A hound (D:4)
  2 orc priests
  Ijyb (D:5)
  2 iguanas
  6 orc wizards
  2 worker ants
  3 gnolls (D:3)
  6 adders
  An ooze (D:3)
  4 worms
  A dart slug (D:3)
  7 leopard geckos
  6 orcs
  4 ball pythons
  4 giant cockroaches
  6 goblins
  5 hobgoblins
  18 jackals
  5 kobolds
  4 quokkas
  A ball python skeleton (D:6)
  6 bats
  5 frilled lizards
  A jackal skeleton (D:4)
  A leopard gecko skeleton (D:4)
  A leopard gecko zombie (D:6)
  A quokka skeleton (D:4)
  8 rats
123 creatures vanquished.

Notes
Turn   | Place    | Note
-------+----------+-------------------------------------------
     0 | D:1      | b5mith the Minotaur Berserker began the quest for the Orb.
     0 | D:1      | Reached XP level 1. HP: 19/19 MP: 0/0
   109 | D:1      | You fall through a shaft!
   120 | D:2      | Reached XP level 2. HP: 22/27 MP: 1/1
   304 | D:2      | Reached XP level 3. HP: 25/34 MP: 2/2
   362 | D:2      | Found a shadowy altar of Dithmenos.
   806 | D:2      | Reached ** piety under Trog
  1044 | D:2      | Found a glowing golden altar of the Shining One.
  1749 | D:3      | Reached XP level 4. HP: 40/41 MP: 3/3
  1774 | D:3      | Reached skill level 5 in Fighting
  1774 | D:3      | Reached skill level 5 in Maces & Flails
  1949 | D:3      | Found an iron altar of Okawaru.
  2320 | D:3      | Noticed Terra's ghost (amateur DrSu)
  2350 | D:3      | Killed Terra's ghost
  2350 | D:3      | Reached XP level 5. HP: 42/50 MP: 4/4
  2448 | D:3      | Reached *** piety under Trog
  2657 | D:4      | Reached XP level 6. HP: 55/57 MP: 5/5
  2872 | D:4      | Reached XP level 7. HP: 66/66 MP: 6/6
  3490 | D:5      | Entered Level 5 of the Dungeon
  3543 | D:5      | Reached **** piety under Trog
  3620 | D:5      | Found a white marble altar of Elyvilon.
  3706 | D:5      | Found Kest's Antique Weapon Shoppe.
  3718 | D:5      | Noticed Ijyb
  3729 | D:5      | Killed Ijyb
  3769 | D:5      | Noticed Caerwyn's ghost (novice GnWn)
  3775 | D:5      | Killed Caerwyn's ghost
  3775 | D:5      | Reached XP level 8. HP: 62/75 MP: 7/7
  3829 | D:5      | Found Judoekihe's Jewellery Shop.
  3953 | D:5      | Found Elinor's General Store.
  4224 | D:6      | Noticed busb's ghost (novice GnWn)
  4234 | D:6      | Killed busb's ghost
  4382 | D:6      | Reached skill level 10 in Fighting
  4382 | D:6      | Reached skill level 10 in Maces & Flails
  4524 | D:6      | Found a stormy altar of Qazlal.
  5308 | D:7      | Noticed a hornet
  5319 | D:7      | Paralysed by a hornet for 3 turns
  5321 | D:7      | HP: 2/118 [hornet (13)]
  5321 | D:7      | Mangled by a hornet

Vault maps used:
D:1:      wheals_arrival_shading
D:2:      grunt_dithmenos_smoke_and_mirrors, first_ration, tso_altar
D:3:      lemuel_round_altar
D:4:      st_stairs_7
D:5:      lemuel_doored_altar, serial_shops, nicolae_shop_trees, shop_statue,
          shop, uniq_ijyb
D:6:      grunt_qazlal_clouds
D:7:      ashenzari_altar_1, nemelex_xobeh_ov_fountains_minmay,
          cheibriados_altar_1, minmay_temple_entry_overgrown

Skill      XL: |  1  2  3  4  5  6  7  8 |
---------------+-------------------------+-----
Fighting       | 4 6 7 8 10 | 10.2
Maces & Flails | 4 6 7 8 10 | 10.3
Armour         | |  2.4
Dodging        | |  2.1

Action                   |  1- 3 |  4- 6 |  7- 9 || total
-------------------------+-------+-------+-------++-------
Melee: Mace              |    85 |   130 |    44 ||   259
       Headbutt          |    12 |    22 |    17 ||    51
       Flail             |       |       |    54 ||    54
 Fire: Hunting sling     |       |       |    27 ||    27
Invok: Berserk           |       |     2 |     3 ||     5
  Use: Scroll            |       |     1 |       ||     1
 Stab: Sleeping          |       |     1 |       ||     1
  Eat: Chunk             |     3 |     5 |     5 ||    13
       Ration            |       |       |     1 ||     1
Armor: Animal skin       |    12 |    16 |       ||    28
       Ring mail         |       |    10 |    33 ||    43
Dodge: Dodged            |    61 |    82 |    47 ||   190

Table legend:
 A = Spawn XP
 B = Non-spawn XP
 C = Spawn XP percentage of total XP
 D = Spawn monster count
 E = Non-spawn monster count
 F = Spawn count percentage of total count
 G = Total turns spent on level
                    A         B        C        D         E        F      G
               +---------+---------+-------+---------+---------+-------+---------
         Total |       0 |    2563 |   0.0 |       0 |     123 |   0.0 |  5321
               +---------+---------+-------+---------+---------+-------+---------
           D:1 |       0 |      28 |   0.0 |       0 |      17 |   0.0 |   627
           D:2 |       0 |      61 |   0.0 |       0 |      20 |   0.0 |  1091
           D:3 |       0 |     229 |   0.0 |       0 |      25 |   0.0 |   838
           D:4 |       0 |     559 |   0.0 |       0 |      28 |   0.0 |   934
           D:5 |       0 |     794 |   0.0 |       0 |      16 |   0.0 |   609
           D:6 |       0 |     892 |   0.0 |       0 |      17 |   0.0 |  1200
               +---------+---------+-------+---------+---------+-------+---------
